 Seeded DCSS version 0.29.1-2-gbd0b4ee654 (webtiles) character file.

Game seed: 20221103 (custom seed)

8484 Nerdsrcool the Fighter (level 11, -10/89 HPs)
             Began as a Human Berserker on Nov 3, 2022.
             Was a High Priest of Trog.
             Mangled by a six-headed hydra (21 damage)
             ... on level 9 of the Dungeon on Nov 4, 2022.
             The game lasted 00:54:08 (11312 turns).

Nerdsrcool the Fighter (Human Berserker)           Turns: 11312, Time: 00:54:08

Health: -10/89     AC: 24    Str: 28    XL:     11   Next: 56%
Magic:  11/11      EV: 13    Int:  8    God:    Trog [*****.]
Gold:   653        SH:  0    Dex: 21    Spells: 10/10 levels left

rFire   + . .      SeeInvis .   m - +5 mace (drain)
rCold   + + +      Faith    +   O - orb {mayhem}
rNeg    . . .      Spirit   .   o - +3 plate armour
rPois   +          Reflect  .   i - +0 helmet
rElec   .          Harm     .   u - scarf {rC+ rF+}
rCorr   .          Rampage  .   h - +1 pair of gloves
Will    .....                   B - +2 pair of boots "Gabelay" {rPois rC++ Will- Dex+3}
Stlth   ..........              t - amulet of faith
HPRegen 0.24/turn               L - +6 ring of strength
MPRegen 0.12/turn               R - +6 ring of dexterity

@: on berserk cooldown, slowed, very slow
A: no striking features
a: Renounce Religion, Berserk, Trog's Hand, Brothers in Arms


You were on level 9 of the Dungeon.
You worshipped Trog.
Trog was extremely pleased with you.
You visited 2 branches of the dungeon, and saw 10 of its levels.
You also visited: Ossuary and Bailey.

You collected 653 gold pieces.

Inventory:

Hand Weapons
 a - a +5 hand axe
 j - a +2 short sword of chaos
 m - a +5 mace of draining (weapon)
 F - a +2 vorpal quarterstaff
 J - a +2 dagger of protection
 M - a +3 flail of protection
 U - a +5 short sword of flaming
 V - a +5 morningstar
Missiles
 C - 24 poisoned darts
 Q - 3 boomerangs (quivered)
 S - a curare-tipped dart
 T - 9 throwing nets
Armour
 g - a +0 ring mail
 h - a +1 pair of gloves (worn)
 i - a +0 helmet (worn)
 o - a +3 plate armour (worn)
 u - a scarf of resistance (worn)
 A - a +0 ring mail of fire resistance
 B - the +2 pair of boots "Gabelay" (worn) {rPois rC++ Will- Dex+3}
   (You found it on level 4 of the Dungeon)

   Dex:       It affects your dexterity (+3).
   rC:        It greatly protects you from cold.
   rPois:     It protects you from poison.
   Will:      It decreases your willpower.
 H - a +0 pair of boots of rampaging
 N - a +0 scale mail of fire resistance
 O - an orb of mayhem (worn)
 X - a +0 cloak
Jewellery
 t - an amulet of faith (around neck)
 D - an amulet of guardian spirit
 K - an amulet of the acrobat
 L - a +6 ring of strength (left hand)
 R - a +6 ring of dexterity (right hand)
Wands
 y - a wand of iceblast (5)
 z - a wand of paralysis (15)
 E - a wand of flame (23)
Scrolls
 c - a scroll of blinking
 d - 5 scrolls of vulnerability
 p - 2 scrolls of immolation
 r - a scroll of noise
 s - 6 scrolls of teleportation
 I - 2 scrolls of silence
 P - a scroll of fear
 W - 2 scrolls of summoning
Potions
 e - a potion of lignification
 f - a potion of attraction
 k - 9 potions of degeneration
 l - a potion of brilliance
 n - 5 potions of flight
 q - 5 potions of mutation
 v - a potion of curing
 w - a potion of berserk rage
 x - 4 potions of haste
 G - 4 potions of invisibility


   Skills:
 + Level 9.2 Fighting
 + Level 9.2 Polearms
 + Level 9.0 Armour
 + Level 8.9 Dodging


You had 10 spell levels left.
You didn't know any spells.
Your spell library was empty.

Dungeon Overview and Level Annotations

Branches:
Dungeon (9/15)             Temple (1/1) D:7         Ossuary (visited)
 Bailey (visited)
   Lair: D:8-11         Orc: D:9-12

Altars:
Ashenzari
Cheibriados
Dithmenos
Elyvilon
Fedhas
Gozag
Hepliaklqana
Kikubaaqudgha
Makhleb
Nemelex Xobeh
Okawaru
Qazlal
Ru
Sif Muna
Trog
Uskayaw
Vehumet
Wu Jian
Xom
Yredelemnul
Zin
The Shining One

Shops:
D:5 *   D:6 (


Message History

The six-headed hydra completely misses you.
The six-headed hydra closely misses you.
The six-headed hydra bites you.
* * * LOW HITPOINT WARNING * * *
The six-headed hydra attacks as you move away!
The six-headed hydra bites you but does no damage. x3
The six-headed hydra closely misses you. x2
The six-headed hydra bites you but does no damage.
You feel a strong urge to attack something.
The six-headed hydra misses you. The six-headed hydra barely misses you.
The six-headed hydra bites you but does no damage.
The six-headed hydra bites you.
* * * LOW HITPOINT WARNING * * *
The six-headed hydra barely misses you. x2
You feel your anger nearly subside.
You are no longer berserk.
You are exhausted.
You feel yourself slow down. The six-headed hydra barely misses you.
The six-headed hydra misses you. The six-headed hydra bites you!
* * * LOW HITPOINT WARNING * * *
The six-headed hydra barely misses you.
The six-headed hydra bites you but does no damage.
The six-headed hydra barely misses you.
You are too confused!
You are too confused!
You feel better.
You feel less invigorated.
The six-headed hydra closely misses you.
The six-headed hydra bites you but does no damage.
The six-headed hydra bites you.
* * * LOW HITPOINT WARNING * * *
The six-headed hydra bites you but does no damage.
The six-headed hydra barely misses you.
The six-headed hydra bites you but does no damage. x2
The six-headed hydra closely misses you.
The six-headed hydra barely misses you.
The six-headed hydra bites you but does no damage.
The six-headed hydra closely misses you.
The six-headed hydra bites you!
* * * LOW HITPOINT WARNING * * *
The six-headed hydra bites you!!
You die...

#............## #.............#
..# #....#####....# +#####.#
#....# #.(..# .....#.# #....#
#........ .....#.#########....#
#........ .....+..............#
#....>... .....+..............#
#........
.....#..........@D.)#####........
.....#†............†.............
.....#.#####+#######'####...#####
###....###.....###.....###..
#....##.....###.....####..
#....#.....###....|###.#..
#....#....###.....###..#.#
#....+...###.....###...+..
#....#..######'####....#..


You could see a neutral six-headed hydra (fast, strong, insane).

Vanquished Creatures
  A two-headed ogre (D:9)
  A troll (D:8)
  A hornet (D:9)
  A polar bear (D:8)
  A ynoxinul (D:8)
  2 wraiths
  7 yaks
  A steam dragon (D:9)
  Menkaure (D:4)
  Edmund (D:4)
  A water moccasin (D:6)
  2 black bears (D:5)
  2 ice beasts
  2 sky beasts
  2 orc warriors
  2 ogres
  4 wolves
  2 centaurs
  2 phantoms (D:4)
  4 kobold brigands
  3 scorpions
  2 necrophages
  6 gnoll sergeants
  2 bullfrogs
  A hornet simulacrum (D:8)
  3 wights (D:8)
  5 killer bees (D:7)
  2 howler monkeys
  A centaur zombie (Ossuary)
  8 hounds
  6 orc priests
  4 gnoll boudas (Bailey)
  5 iguanas
  Jessica (D:2)
  10 orc wizards
  A centaur simulacrum (D:8)
  3 mummies
  A killer bee simulacrum (D:8)
  Robin (D:2)
  15 gnolls
  3 adders
  A shadow imp (D:7)
  4 white imps
  3 worms
  5 dart slugs
  25 orcs
  4 bats
  8 endoplasms
  3 giant cockroaches
  2 gnoll zombies (Ossuary)
  13 goblins
  11 hobgoblins
  4 jackals (D:3)
  15 kobolds
  3 quokkas
  8 ball pythons
  4 frilled lizards
  A goblin zombie (D:6)
  2 hobgoblin zombies (Ossuary)
  3 kobold zombies
  An orc zombie (Ossuary)
  5 rats
248 creatures vanquished.

Vanquished Creatures (collateral kills)
  A yak (D:8)
  3 wolves (Bailey)
  2 gnoll sergeants (Bailey)
  A bullfrog (D:9)
  2 wights (D:8)
  A gnoll bouda (Bailey)
  An orc priest (D:8)
  2 orc wizards (D:8)
  3 gnolls
  4 orcs (D:8)
  3 kobolds (D:8)
23 creatures vanquished.

Vanquished Creatures (others)
  A yak (D:8)
  A wolf (Bailey)
  A gnoll sergeant (Bailey)
  An orc priest (D:8)
  14 fungi (D:7)
18 creatures vanquished.

Grand Total: 289 creatures vanquished

Notes
Turn   | Place    | Note
-------+----------+-------------------------------------------
     0 | D:1      | Nerdsrcool the Human Berserker began the quest for the Orb.
     0 | D:1      | Reached XP level 1. HP: 18/18 MP: 1/1
   555 | D:1      | Reached XP level 2. HP: 24/24 MP: 2/2
   963 | D:2      | Noticed Jessica
   982 | D:2      | Killed Jessica
   983 | D:2      | Reached XP level 3. HP: 17/29 MP: 3/3
  1164 | D:2      | Reached XP level 4. HP: 35/35 MP: 4/4
  1347 | D:2      | Noticed Robin
  1372 | D:2      | Killed Robin
  1601 | D:2      | Reached XP level 5. HP: 34/42 MP: 5/5
  1681 | D:2      | Found a faded altar of an unknown god.
  2235 | D:3      | Reached ** piety under Trog
  3006 | D:4      | Noticed a phantom
  3025 | D:4      | Killed a phantom
  3026 | D:4      | Reached XP level 6. HP: 48/48 MP: 6/6
  3170 | D:4      | Noticed Edmund
  3179 | D:4      | Killed Edmund
  3180 | D:4      | Reached XP level 7. HP: 55/55 MP: 7/7
  3439 | D:4      | Identified the +2 pair of boots "Gabelay" {rPois rC++ Will-
                  | Dex+3}
  3475 | D:4      | Found a shadowy altar of Dithmenos.
  3551 | D:4      | Reached skill level 5 in Fighting
  3551 | D:4      | Reached skill level 5 in Polearms
  3551 | D:4      | Reached XP level 8. HP: 24/62 MP: 8/8
  3744 | D:4      | Noticed Menkaure
  3754 | D:4      | Killed Menkaure
  4271 | D:5      | Entered Level 5 of the Dungeon
  4355 | D:5      | Reached skill level 5 in Armour
  4366 | D:5      | Reached skill level 5 in Dodging
  4397 | D:5      | Found Reoteloz's General Store.
  4855 | D:5      | Found an opulent altar of Gozag.
  4891 | D:5      | Reached *** piety under Trog
  4902 | D:5      | Reached XP level 9. HP: 64/69 MP: 9/9
  4953 | D:5      | Found an ornate altar of the Wu Jian Council.
  5396 | D:6      | Found Qesufaiz's Weapon Emporium.
  5427 | D:6      | Found a sand-covered staircase.
  5438 | Ossuary  | Entered an ossuary
  6007 | D:6      | Found a large runed translucent door.
  6008 | D:6      | Found a large runed translucent door.
  6009 | D:6      | Found a shimmering altar of Xom.
  6023 | D:6      | Reached **** piety under Trog
  6383 | D:6      | Found an ancient bone altar of Kikubaaqudgha.
  6384 | D:6      | Found a glowing golden altar of the Shining One.
  6386 | D:6      | Found a hide-covered altar of Uskayaw.
  6386 | D:6      | Found an iron altar of Okawaru.
  6621 | D:6      | Identified the +4 robe of Trial and Error {Rampage Int+4}
  7134 | D:7      | Reached XP level 10. HP: 35/79 MP: 10/10
  7577 | D:7      | Found a snail-covered altar of Cheibriados.
  7686 | D:7      | Reached ***** piety under Trog
  7837 | D:7      | Found a staircase to the Ecumenical Temple.
  8241 | D:7      | Found a blossoming altar of Fedhas.
  8590 | Temple   | Entered the Ecumenical Temple
  9089 | D:8      | Found a shimmering blue altar of Sif Muna.
  9112 | D:8      | Found a bloodstained altar of Trog.
  9153 | D:8      | Found a flagged portal.
  9230 | Bailey   | Entered a bailey
  9850 | Bailey   | Received a gift from Trog
  9859 | Bailey   | Reached XP level 11. HP: 58/87 MP: 11/11
 10658 | D:8      | Found a broken altar of Ashenzari.
 10673 | D:8      | Found a stormy altar of Qazlal.
 10700 | D:8      | Found a hazy altar of Hepliaklqana.
 11084 | D:9      | Noticed a two-headed ogre
 11264 | D:9      | Received a gift from Trog
 11287 | D:9      | Noticed a two-headed ogre
 11299 | D:9      | Noticed a six-headed hydra
 11305 | D:9      | Killed a two-headed ogre
 11312 | D:9      | Mangled by a six-headed hydra

Illustrated notes

Levels and vault maps discovered:
D:1:      dpeg_arrival_rhombus, layout_basic, kennysheep_doodads, nrook_uturn
D:2:      layout_loops_ring, ebering_ecumenical_altar_webs,
          kennysheep_jessica_study, uniq_robin
D:3:      layout_loops_ring
D:4:      layout_basic, grunt_dithmenos_smoke, portal_sewer_entry_c,
          uniq_menkaure, uniq_edmund
D:5:      layout_loops_cross, mainiacjoe_overflow_brackets,
          pdpol_wu_jian_five_deadly_venoms, serial_shops,
          nicolae_shop_behind_doors
D:6:      due_chaos_kobolds, layout_gridville, mainiacjoe_overflow_alcove_3,
          serial_shops, nicolae_shop_bloodbath_and_beyond,
          nicolae_ossuary_entry_giza
D:7:      layout_loops_corners, mainiacjoe_overflow_six_doors_small,
          fedhas_altar_fruit_tree, minmay_temple_entry_slanted,
          dreamdust_gnoll_farm
D:8:      layout_cave_pools, nzn_overflow_gifts_of_might_and_magic,
          mainiacjoe_overflow_boulevard, mainiacjoe_overflow_alcove_1,
          grunt_qazlal_sundering, enter_bailey_2, serial_ice, serial_ice_i,
          serial_ice_h, serial_ice_g, serial_ice_e
D:9:      layout_irregular_city, minmay_quadrilaterals
Temple:   hellmonk_temple_forest_ring

Skill      XL: |  1  2  3  4  5  6  7  8  9 10 11 |
---------------+----------------------------------+-----
Armour         | 3 4 5 6 8 9 |  9.0
Dodging        | 3 4 5 6 8 |  8.9
Fighting       | 4 5 7 8 9 |  9.2
Polearms       | 4 5 6 7 8 9 |  9.2

Action                   |  1- 3 |  4- 6 |  7- 9 | 10-12 || total
-------------------------+-------+-------+-------+-------++-------
Melee: Spear             |    65 |    65 |       |       ||   130
       Mace              |       |   105 |   320 |   337 ||   762
       Punch             |       |     2 |     7 |     1 ||    10
Throw: Boomerang         |       |       |       |    24 ||    24
Invok: Berserk           |     1 |     3 |     2 |     6 ||    12
       Trog's Hand       |       |       |     1 |       ||     1
Evoke: Wand              |       |       |       |     8 ||     8
  Use: Scroll            |       |       |    17 |    11 ||    28
       Potion            |       |       |       |    17 ||    17
 Stab: Sleeping          |     1 |       |       |       ||     1
       Distracted        |       |       |       |     1 ||     1
       Invisible         |       |       |       |     1 ||     1
       Paralysed         |       |       |       |     8 ||     8
Armor: Animal skin       |     3 |       |       |       ||     3
       Ring mail         |     7 |    57 |       |       ||    64
       Plate armour      |       |    86 |   269 |   393 ||   748
Dodge: Dodged            |    29 |    96 |   194 |   422 ||   741
